 Dungeon Crawl Stone Soup version 0.19.1 (webtiles) character file.

80 CanadianGator the Twirler (level 4, -4/27 HPs)
             Began as a Gargoyle Gladiator on Nov 29, 2016.
             Slain by Sigmund
             ... wielding a +0 scythe of pain
              (14 damage)
             ... on level 2 of the Dungeon.
             The game lasted 00:02:20 (1309 turns).

CanadianGator the Twirler (Gargoyle Gladiator)      Turns: 1309, Time: 00:02:21

Health: -4/27      AC:  7    Str: 19    XL:     4   Next: 39%
Magic:  4/4        EV: 12    Int:  9    God:
Gold:   56         SH:  0    Dex: 10    Spells: 0 memorised, 3 levels left

rFire  . . .     SeeInvis .     a - +0 quarterstaff
rCold  . . .     Gourm    .     b - +0 leather armour
rNeg   + . .     Faith    .     (shield currently unavailable)
rPois  ∞         Spirit   .     c - +0 helmet
rElec  +         Reflect  .     (no cloak)
rCorr  .         Harm     .     (no gloves)
MR     .....                    (no boots)
Stlth  +.........               (no amulet)
                                (no ring)
                                (no ring)

@: no status effects
A: negative energy resistance 1, electricity resistance, unbreathing,
petrification resistance, rot immunity, AC +3
a: no special abilities


You were on level 2 of the Dungeon.
You were very hungry.

You visited 1 branch of the dungeon, and saw 2 of its levels.

You collected 56 gold pieces.

Inventory:

Hand Weapons
 a - a +0 quarterstaff (weapon)
Missiles
 d - 3 throwing nets (quivered)
Armour
 b - a +0 leather armour (worn)
 c - a +0 helmet (worn)
Wands
 l - a wand of teleportation (4/9)
Scrolls
 e - a scroll of remove curse
 g - 2 scrolls of enchant weapon {unknown}
 k - a scroll of identify {unknown}
 p - a scroll of fear {unknown}
Potions
 i - a potion of degeneration {unknown}
 j - 2 potions of haste {unknown}
 n - a potion of brilliance {unknown}
Comestibles
 f - 5 bread rations
 h - a slice of pizza
 m - a meat ration
 o - a beef jerky


   Skills:
 + Level 2.7 Fighting
 + Level 3.5 Staves
 + Level 2.3 Throwing
 + Level 1.5 Armour
 + Level 3.0 Dodging


You had 3 spell levels left.
You didn't know any spells.

Dungeon Overview and Level Annotations

Branches:
Dungeon (2/15)

Altars:
Elyvilon
Vehumet

Annotations:
D:2 Sigmund


Innate Abilities, Weirdness & Mutations

You are resistant to torment.
Your stone body is resilient. (AC +3)
You are immune to poison.
You resist negative energy. (rN+)
You are resistant to electric shocks. (rElec)
You can survive without breathing.
You are immune to petrification.
You are immune to rotting.


Message History

Sigmund gestures wildly while chanting.
Sigmund flickers and vanishes!
Deactivating autopickup; reactivate with Ctrl-A.
No target in view!
You hear some strange, mumbled words.
A puff of flame appears from out of thin air!
The puff of flame hits you!
You hear some strange, mumbled words.
A magic dart appears from out of thin air!
The magic dart hits you!
You completely miss something. Something hits you.
You closely miss something. You closely miss something.
Something hits you but does no damage.
You closely miss something. Something hits you but does no damage.
You hit something but do no damage. Something hits you.
You miss something. You closely miss something. Something hits you.
You barely miss something. Something hits you!
Ouch! That really hurt!
You die...

#..#...#..# ##†#
#.#####...._....# #.#
#.......^#...#..#####.##
###.....###.###.##.....#
#.#.#..#...#...#.##..# #
#.#............#...#
#.......##.###.#.#.#
####.##.##.# #.#.#.# #@#
....# #.....#
#....{.......# ###.###
#########..... ..# ..###
# #


There were no monsters in sight!

Vanquished Creatures
  3 adders (D:2)
  An ooze (D:2)
  A worm (D:2)
  3 dart slugs
  2 leopard geckos
  A ball python (D:2)
  3 giant cockroaches (D:2)
  4 goblins
  5 hobgoblins (D:1)
  3 bats
  2 frilled lizards
  7 kobolds
  3 rats
38 creatures vanquished.

Notes
Turn   | Place    | Note
-------+----------+-------------------------------------------
     0 | D:1      | CanadianGator the Gargoyle Gladiator began the quest for the Orb.
     0 | D:1      | Reached XP level 1. HP: 12/12 MP: 1/1
    96 | D:1      | Reached XP level 2. HP: 9/17 MP: 2/2
   590 | D:2      | Reached XP level 3. HP: 22/22 MP: 3/3
   618 | D:2      | Reached skill level 1 in Armour
   694 | D:2      | Reached XP level 4. HP: 16/27 MP: 4/4
   859 | D:2      | Found a radiant altar of Vehumet.
  1047 | D:2      | Found a white marble altar of Elyvilon.
  1299 | D:2      | Noticed Sigmund
  1309 | D:2      | Slain by Sigmund

Skill      XL: |  1  2  3  4 |
---------------+-------------+-----
Throwing       | 2 |  2.3
Armour         | 1 |  1.5
Dodging        | 3 |  3.0
Fighting       | |  2.7
Staves         | |  3.5

Action                   |  1- 3 |  4- 6 || total
-------------------------+-------+-------++-------
Melee: Quarterstaff      |    78 |    40 ||   118
  Use: Scroll            |       |     1 ||     1
Armor: Leather armour    |    29 |    19 ||    48
Dodge: Dodged            |    45 |    17 ||    62
